Map: Cerulean Fall LE

Players

Piroxiljin - Winner!

  • Race: Terran Terran
  • Spawn Location: 1:00

VOD

Have the link to the VOD?

Description

Time

  • Played on: Jan. 15, 2019, 8:59 a.m.
  • Length: 40:42
Show
View Real Time Build Order
Export as new Build Order

Piroxiljin Terran - Winner!

Build Orders:  

Get SALT Encoding   

  12  0:03  SCV  
  13  0:25  SCV  
  14  0:32  Supply Depot  
  14  0:43  SCV  
  15  0:55  Refinery  
  15  1:06  SCV  
  16  1:18  Barracks  
  16  1:26  SCV  
  17  1:43  SCV  
  18  2:03  Barracks  
  18  2:07  SCV  
  19  2:26  SCV  
  20  2:40  Factory  
  20  2:55  SCV  
  20  2:59  Reaper  
  22  3:17  SCV  
  23  3:28  Barracks Tech Lab  
  23  3:40  Supply Depot  
  23  3:59  Factory Tech Lab  
  23  4:10  SCV  
  24  4:29  Supply Depot  
  24  4:45  Command Center  
  24  4:51  SCV  
  24  4:55  Refinery  
  25  5:00  Supply Depot  
  25  5:17  Unknown  
  24  5:42  Siege Tank  
  27  6:00  SCV  
  28  6:14  Marine  
  28  6:17  Factory  
  29  6:22  Marine  
  29  6:27  SCV, Siege Tank  
  34  6:32  Unknown  
  34  6:39  Marine  
  35  6:44  Siege Tank  
  35  6:47  Marine  
  36  7:07  Orbital Command  
  36  7:54  Orbital Command  
  36  8:21  Supply Depot  
  36  8:23  Supply Depot  
  36  8:24  Supply Depot  
  36  8:25  Supply Depot  
  36  8:29  Stimpack  
  36  8:40  Siege Tank  
  39  9:08  Refinery  
  39  9:24  Siege Tank  
  41  9:51  Hellion  
  41  9:54  Marine x2  
  45  10:09  Cyclone  
  48  10:19  Marauder, Marine  
  51  10:21  Hellion  
  53  10:40  Engineering Bay  
  53  10:44  SCV  
  53  10:46  SCV  
  53  10:49  Marauder  
  57  11:00  Refinery  
  57  11:14  Barracks Tech Lab  
  57  11:34  Concussive Shells  
  57  11:39  Terran Infantry Weapons Level 1  
  57  11:50  Armory  
  57  11:52  SCV x2  
  59  12:10  Siege Tank x2  
  59  12:11  Siege Tank x2  
  59  12:15  SCV  
  60  12:52  Command Center  
  58  13:45  Factory Tech Lab  
  58  13:59  Starport  
  58  14:00  Terran Vehicle Weapons Level 1  
  58  14:03  SCV  
  59  14:17  Supply Depot  
  59  14:18  Supply Depot  
  59  14:19  Supply Depot  
  59  14:20  SCV  
  59  14:21  Supply Depot  
  59  14:22  Supply Depot  
  59  14:26  SCV  
  61  14:37  SCV  
  62  14:47  SCV x2  
  64  14:51  Supply Depot  
  64  14:59  Marauder x2  
  68  15:01  Siege Tank  
  68  15:02  Siege Tank  
  74  15:15  Planetary Fortress  
  74  15:22  Starport Tech Lab  
  74  15:29  Marine  
  75  15:34  Factory  
  75  15:46  Cyclone  
  75  15:47  Cyclone  
  81  15:53  Missile Turret  
  81  16:10  SCV  
  81  16:13  SCV  
  81  16:16  SCV  
  84  16:26  Missile Turret  
  84  16:31  Supply Depot, Siege Tank  
  84  16:35  Supply Depot  
  84  16:39  SCV  
  88  16:59  Missile Turret  
  88  17:02  Supply Depot  
  88  17:10  Supply Depot  
  88  17:23  Thor  
  88  17:25  Siege Tank  
  97  17:34  Medivac  
  97  17:38  Missile Turret  
  99  17:40  Factory Tech Lab  
  99  17:51  Factory  
  99  18:10  Cyclone  
  99  18:15  Medivac  
  104  18:22  Terran Vehicle Weapons Level 2  
  104  18:25  SCV  
  105  18:37  Refinery  
  105  18:46  SCV  
  106  18:50  SCV  
  107  19:03  SCV  
  107  19:04  SCV  
  107  19:07  SCV  
  110  19:21  SCV  
  110  19:22  Supply Depot  
  110  19:24  Supply Depot  
  110  19:28  Thor x2  
  123  19:31  Supply Depot  
  123  19:33  Supply Depot  
  123  19:56  Unknown  
  123  20:06  SCV x2  
  125  20:16  Factory Tech Lab, Thor  
  131  20:28  Siege Tank x2  
  137  20:43  SCV  
  138  21:13  Cyclone x2  
  138  21:16  Siege Tank  
  135  21:48  Widow Mine x2  
  139  22:17  Widow Mine  
  139  22:18  Widow Mine  
  139  22:24  Marine x2  
  145  22:34  Siege Tank x3  
  145  22:49  Marauder  
  148  22:54  Reaper  
  148  22:57  Siege Tank x2  
  148  22:58  Siege Tank  
  154  23:19  Marauder  
  156  23:26  Siege Tank x2  
  162  23:34  Marine  
  162  23:36  Medivac  
  165  23:42  Siege Tank  
  165  23:43  Cyclone  
  165  23:49  Marine  
  172  24:11  Thor  
  172  24:18  Widow Mine  
  178  24:22  Marauder  
  178  24:23  Marauder, Widow Mine  
  178  24:27  Cyclone  
  189  24:48  Widow Mine  
  189  24:52  Marauder  
  189  24:53  Widow Mine  
  195  25:17  SCV x3  
  149  26:32  Siege Tank  
  149  26:33  Siege Tank  
  140  27:17  Thor x2  
  152  27:39  Widow Mine  
  143  27:40  Marine x2  
  143  27:43  SCV  
  143  27:44  SCV  
  143  27:48  Cyclone  
  152  28:05  Marauder x2  
  156  28:17  Siege Tank x2  
  162  28:24  Refinery  
  162  28:49  Marine x2  
  164  28:50  Command Center  
  164  28:53  Cyclone x2  
  170  29:02  Cyclone  
  173  29:14  Marine x2  
  173  29:18  Terran Infantry Armor Level 1  
  175  29:26  Terran Vehicle And Ship Armor Level 1  
  175  29:39  Marine x2  
  177  30:15  Thor  
  177  30:17  Siege Tank  
  186  30:48  Siege Tank x2  
  186  30:49  Siege Tank x9  
  181  32:15  Terran Infantry Weapons Level 2  
  181  32:17  Terran Vehicle Weapons Level 3  
  181  32:22  Marine x2  
  181  32:24  Siege Tank x2  
  189  32:33  Siege Tank x4  
  189  32:34  Siege Tank x4  
  144  33:40  Siege Tank x2  
  144  33:41  Thor x2  
  149  35:19  Siege Tank x8  
  143  36:25  Marine x2  
  145  36:40  Siege Tank x2  
  145  36:48  Raven  
  153  36:54  Marine x2  
  155  37:19  Marine x2  
  157  37:24  Thor  
  157  37:25  Thor  
  169  37:44  Marine x2  
  171  38:05  Siege Tank x3  
  171  38:06  Siege Tank x5  
Tags
 
Add a new tag
Caveats
  • Supply blocks, unpowered buildings, or Contaminate may cause inaccurate times.
  • Supply counts are checked every 10 seconds.